 Dungeon Crawl Stone Soup version 0.28.0 (webtiles) character file.

Game seed: 7146942105694223904

29764 BALLS the Carver (level 13, -13/74 HPs)
             Began as a Vine Stalker Fighter on Aug 17, 2022.
             Was a High Priest of Okawaru.
             Killed from afar by a balrug (27 damage)
             ... with a bolt of fire
             ... in a Gauntlet.
             The game lasted 00:35:33 (12612 turns).

BALLS the Carver (Vine Stalker Fighter)            Turns: 12612, Time: 00:35:33

Health: -13/74     AC: 25    Str: 24    XL:     13   Next: 47%
Magic:  0/20       EV: 13    Int:  8    God:    Okawaru [*****.]
Gold:   432        SH:  7    Dex: 14    Spells: 12/12 levels left

rFire   . . .      SeeInvis +   D - +3 long sword
rCold   + . .      Faith    .   c - +0 buckler
rNeg    . . .      Spirit   +   v - +4 ring mail {rC+}
rPois   +          Reflect  .   E - +2 helmet {SInv}
rElec   .          Harm     .   e - +0 cloak {Will+}
rCorr   .          Rampage  .   G - +2 pair of gloves {hurl}
Will    ++...      NoTele   +   h - +0 pair of boots
Stlth   ++........              (no amulet)
HPRegen 1.02/turn               a - ring of poison resistance
MPRegen 0.17/turn               H - +4 ring of protection

@: heroic, finesse-ful, studying Maces & Flails
A: fangs 3, regeneration 1, magic shield, antimagic bite, no potion heal 2
a: Renounce Religion, Heroism, Finesse, Duel


You were in a Gauntlet.
You worshipped Okawaru.
Okawaru was extremely pleased with you.
You visited 3 branches of the dungeon, and saw 18 of its levels.
You also visited: Bailey and Gauntlet.

You collected 761 gold pieces.
You spent 329 gold pieces at shops.

Inventory:

Hand Weapons
 x - a +0 scimitar
 D - a +3 long sword (weapon)
 M - a +3 triple sword of draining
 S - a +2 flail of protection
Armour
 c - a +0 buckler (worn)
 e - a +0 cloak of willpower (worn)
 h - a +0 pair of boots (worn)
 v - a +4 ring mail of cold resistance (worn)
 E - a +2 helmet of see invisible (worn)
 G - a +2 pair of gloves of hurling (worn)
 P - +0 acid dragon scales
Jewellery
 a - a ring of poison resistance (left hand)
 H - a +4 ring of protection (right hand)
 R - a +4 ring of evasion
Wands
 b - a wand of mindburst (4)
 r - a wand of digging (9)
 t - a wand of flame (29)
 z - a wand of acid (12)
 I - a wand of polymorph (5)
 L - a wand of iceblast (9)
Scrolls
 d - a scroll of blinking
 i - a scroll of summoning
 j - a scroll of acquirement
 k - 3 scrolls of immolation
 l - 3 scrolls of fear
 m - 3 scrolls of enchant weapon
 o - 6 scrolls of fog
 p - 6 scrolls of teleportation
 q - 4 scrolls of amnesia
 s - a scroll of holy word {unknown}
 u - 4 scrolls of enchant armour
 y - 2 scrolls of vulnerability
 F - 3 scrolls of magic mapping
Potions
 f - 6 potions of curing
 g - 2 potions of mutation {unknown}
 n - 3 potions of degeneration {unknown}
 w - a potion of ambrosia {unknown}
 A - 2 potions of flight {unknown}
 B - 4 potions of brilliance {unknown}
 C - 2 potions of berserk rage {unknown}
 J - 2 potions of lignification {unknown}
 K - a potion of resistance
 N - 3 potions of haste
 O - a potion of invisibility {unknown}
 Q - a potion of might


   Skills:
 - Level 11.5(16.5) Fighting
 - Level 12.0(17.0) Long Blades
 - Level 7.0(12.0) Armour
 - Level 8.0(13.0) Shields
 + Level 9.1 Invocations


You had 12 spell levels left.
You didn't know any spells.
Your spell library contained the following spells:

 Spells                   Type           Power      Damage    Failure   Level
 Apportation              Tloc           0%         N/A       56%         1
 Shock                    Conj/Air       0%         1d3       56%         1
 Corpse Rot               Necr/Air       0%         N/A       71%         2
 Ensorcelled Hibernation  Hex/Ice        0%         N/A       71%         2
 Passwall                 Tmut/Erth      0%         N/A       71%         2
 Poisonous Vapours        Pois/Air       0%         N/A       71%         2
 Portal Projectile        Hex/Tloc       0%         N/A       91%         3
 Swiftness                Air            0%         N/A       91%         3
 Airstrike                Air            0%         N/A       100%        4
 Leda's Liquefaction      Hex/Erth       0%         N/A       100%        4
 Lightning Bolt           Conj/Air       0%         1d11      100%        5
 Animate Skeleton         Necr           Unusable   N/A       N/A         1
 Summon Small Mammal      Summ           Unusable   N/A       N/A         1
 Call Canine Familiar     Summ           Unusable   N/A       N/A         3
 Summon Lightning Spire   Summ/Air       Unusable   N/A       N/A         4

Dungeon Overview and Level Annotations

Branches:
Dungeon (14/15)            Temple (1/1) D:7            Lair (3/6) D:10
 Shoals (0/4) Lair:2       Spider (0/4) Lair:2          Orc (0/2) D:12
 Bailey (visited)         Gauntlet (1/1)
 Vaults: D:13-14

Altars:
Ashenzari
Cheibriados
Dithmenos
Elyvilon
Fedhas
Gozag
Hepliaklqana
Kikubaaqudgha
Makhleb
Nemelex Xobeh
Okawaru
Qazlal
Ru
Sif Muna
Trog
Uskayaw
Vehumet
Wu Jian
Xom
Yredelemnul
Zin
The Shining One

Shops:
D:4 !([*   D:6 [   D:13 *

Annotations:
D:9 1 runed translucent door
Lair:2 2 transporters, brwnlv's ghost, journeyman MiBe Gauntlet 11 transporters, 5 runed translucent doors, exclusion: 2 lightning spires


Innate Abilities, Weirdness & Mutations

You have razor-sharp teeth.
Your natural rate of healing is unusually fast.
When hurt, damage is shared between your health and your magic reserves.
Your bite disrupts and absorbs the magic of your enemies.
Potions cannot restore your health.


Message History

You slash the shadow!
You destroy the shadow!
Okawaru accepts your kill.
There is a transporter landing site here.
The iron imp grins evilly.
You slash the shadow!
The shadow is heavily damaged.
The shadow slips into darkness.
The shadow flickers and vanishes for a moment.
You hit the shadow. You bite the shadow.
You destroy the shadow!
Okawaru accepts your kill.
The iron imp disappears for a moment.
The hell hound barks!
You see here a +2 pair of gloves of hurling.
G - a +2 pair of gloves of hurling The iron imp sputters.
You start putting on your armour.
You continue putting on your +2 pair of gloves of hurling. x4
You finish putting on your +2 pair of gloves of hurling.
You feel that your aim is more steady.
There is a transporter here.
You enter the transporter and appear at another place.
There is a transporter here.
You enter the transporter and appear at another place.
You gain the combat prowess of a mighty hero.
You can now deal lightning-fast blows.
The balrug gestures at you. The bolt of fire hits you!!!
The balrug gestures at you. The bolt of fire hits you!!!
* * * LOW HITPOINT WARNING * * *
Okay, then.
Okay, then.
As you read the scroll of fear, it crumbles to dust.
You assume a fearsome visage.
The balrug looks frightened!
Cornered, the balrug turns to fight!
The balrug gestures at you. The bolt of fire hits you!!
You die...

########..#.........#..#########.
hh.....#..#...###...#..#.......#.
.###+#.#..#[...#....#..#.####..#.
(#≈..#.#..#$#..#..#.#..#.#..##.#.
©#≈©.#.#©©#©.######.#©©#©.#©.#.#©
?#≈..#.#..#.#..#©.#.#..#..##.#.#.
[###+#.#..#(...#....#..#(...##.#.
8.8....#..#...###...#..#.......#.
########..#.....@..2#..#########.
.......#..###########..#.........
########..#.........#..#########.
hh.....#..#.........#..#ZZZ....#.
.......#..#..##≈##..#..#.####Z.#.
##+#####..#..≈###≈..#..#.....#.#.
©.+bb.©#©.#..## ##..#.©####©.#.#©
##+^##.#..#..§# #≈..#..#...#.#.#.
."#.##.####..## ##..#####[(#Z#.#.


You could see a balrug.

Vanquished Creatures
  3 hydras (Lair:2)
  A boulder beetle (Lair:2)
  3 two-headed ogres
  A shadow wraith (D:11)
  Pikel (D:5)
  A cyclops (D:6)
  2 ugly things (D:14)
  2 manticores
  Joseph (D:8)
  4 black mambas
  8 cane toads
  2 unseen horrors
  A kobold demonologist (D:12)
  2 rime drakes (Lair:3)
  6 komodo dragons
  Psyche (D:9)
  2 trolls
  A polar bear (Lair:2)
  9 blink frogs
  5 shadows
  Sigmund (D:4)
  4 wraiths
  A wyvern (Lair:3)
  22 yaks
  2 basilisks (Lair:2)
  15 vampire mosquitoes
  Menkaure (D:5)
  An acid dragon (D:10)
  5 water moccasins
  11 orc warriors
  Duvessa (D:5)
  3 sky beasts
  3 black bears
  2 necrophages
  3 ogres
  A lemure (D:4)
  2 centaurs
  A kobold brigand (D:7)
  Blork the orc (D:4)
  A gnoll sergeant (D:11)
  3 scorpions
  12 bullfrogs
  A water moccasin zombie (D:3)
  Dowan (D:5)
  4 wights
  4 killer bees (D:9)
  4 howler monkeys
  3 electric eels
  4 centaur zombies
  3 gnoll shamans
  3 jellies
  A bullfrog skeleton (D:5)
  3 iguanas
  9 orc priests
  Crazy Yiuf (D:4)
  6 hounds
  Ijyb (D:4)
  10 orc wizards
  Natasha (D:4)
  A killer bee zombie (D:7)
  A hound skeleton (D:4)
  3 adders
  19 gnolls
  A howler monkey skeleton (D:7)
  2 white imps
  An ufetubus (D:6)
  3 dart slugs
  32 orcs
  4 endoplasms
  2 giant cockroaches
  12 goblins
  4 hobgoblins
  4 jackals (D:1)
  5 quokkas
  5 ball pythons
  2 bats (D:1)
  4 frilled lizards
  7 kobolds
  2 rats
325 creatures vanquished.

Vanquished Creatures (others)
  2 orcs (D:12)
  20 fungi
  64 plants
86 creatures vanquished.

Grand Total: 411 creatures vanquished

Notes
Turn   | Place    | Note
-------+----------+-------------------------------------------
     0 | D:1      | BALLS the Vine Stalker Fighter began the quest for the Orb.
     0 | D:1      | Reached XP level 1. HP: 11/11 MP: 2/2
    68 | D:1      | Reached skill level 2 in Long Blades
    76 | D:1      | Reached XP level 2. HP: 15/16 MP: 3/3
   440 | D:1      | Found a faded altar of an unknown god.
   442 | D:1      | Reached skill level 3 in Long Blades
   554 | D:1      | Reached XP level 3. HP: 17/19 MP: 2/4
  1447 | D:3      | Gained mutation: Your natural rate of healing is unusually
                  | fast. [Vine Stalker growth]
  1447 | D:3      | Reached XP level 4. HP: 6/23 MP: 2/5
  1573 | D:3      | Reached skill level 4 in Long Blades
  1622 | D:3      | Reached XP level 5. HP: 27/27 MP: 6/6
  1797 | D:3      | Found a snail-covered altar of Cheibriados.
  1797 | D:3      | Found an opulent altar of Gozag.
  2034 | D:4      | Noticed an ogre
  2159 | D:4      | Noticed Ijyb
  2180 | D:4      | Killed Ijyb
  2181 | D:4      | Reached skill level 5 in Long Blades
  2268 | D:4      | Killed an ogre
  2269 | D:4      | Reached XP level 6. HP: 11/32 MP: 2/7
  2612 | D:4      | Found a runed translucent door.
  2613 | D:4      | Noticed Crazy Yiuf
  2759 | D:4      | Noticed Blork the orc
  2767 | D:4      | Killed Blork the orc
  2768 | D:4      | Reached skill level 6 in Long Blades
  2798 | D:4      | Noticed Sigmund
  2798 | D:4      | Noticed Natasha
  2838 | D:4      | Killed Sigmund
  2839 | D:4      | Reached skill level 7 in Long Blades
  2839 | D:4      | Reached XP level 7. HP: 31/35 MP: 3/8
  2989 | D:4      | Found Yxzorgh's Distillery.
  2990 | D:4      | Found Ojoddur's Armour Shoppe.
  2990 | D:4      | Found Bafrotah's General Store.
  2991 | D:4      | Found Teocidud's Weapon Shop.
  3002 | D:4      | Bought a potion of curing for 30 gold pieces
  3002 | D:4      | Bought a scroll of identify for 20 gold pieces
  3007 | D:4      | Identified a scroll of acquirement
  3080 | D:4      | Killed Natasha
  3102 | D:4      | Killed Crazy Yiuf
  3149 | D:5      | Entered Level 5 of the Dungeon
  3174 | D:5      | Reached skill level 5 in Fighting
  3234 | D:5      | Gained mutation: You have razor-sharp teeth. [Vine Stalker
                  | growth]
  3234 | D:5      | Reached XP level 8. HP: 43/43 MP: 9/9
  3448 | D:5      | Noticed Menkaure
  3464 | D:5      | Killed Menkaure
  3516 | D:5      | Found a shimmering altar of Xom.
  3517 | D:5      | Found a hazy altar of Hepliaklqana.
  3518 | D:5      | Noticed a spectral ugly thing
  3538 | D:5      | Noticed Pikel
  3640 | D:5      | Noticed Duvessa
  3651 | D:5      | Killed Duvessa
  3652 | D:5      | Reached skill level 5 in Shields
  3670 | D:5      | Noticed Dowan
  3705 | D:5      | Killed Dowan
  4077 | D:6      | Found Maown's Armour Boutique.
  4116 | D:6      | Found an ornate altar of the Wu Jian Council.
  4141 | D:6      | Reached XP level 9. HP: 30/47 MP: 5/10
  4238 | D:6      | Reached skill level 5 in Armour
  4291 | D:5      | Killed Pikel
  4292 | D:5      | Reached skill level 8 in Long Blades
  4677 | D:6      | Reached skill level 9 in Long Blades
  4687 | D:6      | Noticed a cyclops
  4841 | D:7      | Found a shimmering blue altar of Sif Muna.
  4896 | D:7      | Reached XP level 10. HP: 26/53 MP: 2/11
  4972 | D:7      | Found a flagged portal.
  4989 | Bailey   | Entered a bailey
  5133 | D:7      | Found a staircase to the Ecumenical Temple.
  5142 | Temple   | Entered the Ecumenical Temple
  5150 | Temple   | Became a worshipper of Warmaster Okawaru
  5307 | D:7      | Reached skill level 1 in Invocations
  5460 | D:7      | Reached * piety under Okawaru
  5627 | D:7      | Reached skill level 5 in Invocations
  5858 | D:6      | Killed a cyclops
  5859 | D:6      | Reached skill level 10 in Long Blades
  5969 | D:6      | Bought a +2 helmet of see invisible for 279 gold pieces
  6456 | D:8      | Reached ** piety under Okawaru
  6489 | D:8      | Noticed Joseph
  6510 | D:8      | Killed Joseph
  6511 | D:8      | Reached XP level 11. HP: 57/60 MP: 15/15
  6775 | D:8      | Noticed a two-headed ogre
  6783 | D:8      | Killed a two-headed ogre
  6939 | D:9      | Found a runed translucent door.
  6940 | D:9      | Found a burning altar of Makhleb.
  6940 | D:9      | Noticed a sixfirhy
  6967 | D:9      | Noticed Psyche
  6981 | D:9      | Killed Psyche
  6981 | D:9      | Reached *** piety under Okawaru
  7497 | D:10     | Entered Level 10 of the Dungeon
  7707 | D:10     | Reached skill level 10 in Fighting
  7777 | D:10     | Found an ancient bone altar of Kikubaaqudgha.
  7780 | D:10     | Reached **** piety under Okawaru
  8009 | D:10     | Found a staircase to the Lair.
  8129 | D:10     | Reached skill level 11 in Long Blades
  8292 | Lair:1   | Entered Level 1 of the Lair of Beasts
  8416 | Lair:1   | Reached XP level 12. HP: 52/67 MP: 15/18
  8525 | Lair:1   | Reached ***** piety under Okawaru
  9071 | Lair:2   | Noticed a six-headed hydra
  9203 | D:11     | Reached skill level 12 in Long Blades
  9875 | D:12     | Noticed an eight-headed hydra
  9923 | D:12     | You fall into a shaft and drop 2 floors!
 10040 | D:14     | Noticed a vault guard
 10040 | D:14     | Noticed a vault guard
 10040 | D:14     | Noticed a vault guard
 10045 | D:14     | Noticed a vault guard
 10045 | D:14     | Noticed a vault guard
 10048 | D:14     | Noticed a centaur warrior
 10049 | D:14     | Noticed a vault guard
 10050 | D:14     | Noticed a vault guard
 10065 | D:13     | Noticed a boulder beetle
 10065 | D:13     | Found Cyeckime's Mass Market.
 10155 | D:12     | Received a gift from Okawaru
 10251 | D:12     | Found a staircase to the Orcish Mines.
 10529 | D:12     | Noticed a two-headed ogre
 10536 | D:12     | Killed a two-headed ogre
 10852 | D:12     | Noticed a two-headed ogre
 10860 | D:12     | Killed a two-headed ogre
 11270 | Lair:2   | Received a gift from Okawaru
 11291 | Lair:2   | Killed a six-headed hydra
 11292 | Lair:2   | Reached XP level 13. HP: 24/72 MP: 11/19
 11506 | Lair:2   | Found a hole to the Spider Nest.
 11708 | Lair:2   | Found a staircase to the Shoals.
 11739 | Lair:2   | Found a transporter.
 11739 | Lair:2   | Found a transporter.
 11742 | Lair:2   | Noticed brwnlv's ghost (journeyman MiBe)
 12334 | Lair:2   | Received a gift from Okawaru
 12395 | Lair:3   | Found a gate leading to a gauntlet.
 12414 | Gauntlet | Entered a Gauntlet
 12414 | Gauntlet | Found a transporter.
 12414 | Gauntlet | Found a transporter.
 12418 | Gauntlet | Found a transporter.
 12421 | Gauntlet | Found a transporter.
 12440 | Gauntlet | Found a transporter.
 12456 | Gauntlet | Noticed a balrug
 12459 | Gauntlet | Found a transporter.
 12462 | Gauntlet | Found a transporter.
 12462 | Gauntlet | Found a transporter.
 12474 | Gauntlet | Found a runed translucent gate.
 12474 | Gauntlet | Found a transporter.
 12475 | Gauntlet | Found a runed translucent gate.
 12476 | Gauntlet | Found a runed translucent gate.
 12488 | Gauntlet | Found a runed translucent door.
 12490 | Gauntlet | Found a transporter.
 12492 | Gauntlet | Found a runed translucent door.
 12500 | Gauntlet | Found a transporter.
 12514 | Gauntlet | Found a transporter.
 12535 | Gauntlet | Found a transporter.
 12549 | Gauntlet | Found a transporter.
 12612 | Gauntlet | Killed from afar by a balrug

Illustrated notes

Levels and vault maps discovered:
D:1:      minmay_arrival_diagonal_passages, layout_loops_ring,
          chequers_ecumenical_altar_twisty
D:2:      layout_basic
D:3:      layout_basic, amethyst_overflow_temple_binary
D:4:      layout_basic, st_stairs_7, nicolae_wooded_promenade, uniq_sigmund,
          uniq_natasha, uniq_ijyb, uniq_crazy_yiuf_cottage, uniq_blork_the_orc
D:5:      layout_cave_pools, regret_index_temple_of_mockery,
          kennysheep_minor_cross, minmay_manual_monstrance, uniq_menkaure,
          uniq_duvessa, uniq_pikel
D:6:      minmay_chambers_of_threes, layout_basic, nzn_wu_jian_council_hall,
          serial_shops, nicolae_shop_stone, kennysheep_potato
D:7:      layout_basic, mainiacjoe_overflow_cross_hatched,
          minmay_temple_entry_drinking_statues, enter_bailey_3,
          serial_bayou_lagoon_a
D:8:      layout_basic, uniq_joseph
D:9:      layout_cave_pools, nzn_makhleb_speed_demon, uniq_psyche
D:10:     layout_roguey, mainiacjoe_overflow_paths,
          grunt_lair_entry_orc_guard_hut
D:11:     layout_rooms
D:12:     layout_loops_ring, erik_orc_2
D:13:     layout_cave_pods, serial_bayou, serial_bayou_shore_a,
          serial_bayou_crossing, serial_bayou_pond_e, serial_bayou_pond_b,
          minmay_shop_mass, kennysheep_flooded_box
D:14:     minmay_isolated_rectangles_in_corner, layout_cave_pools,
          erik_vaults_2, serial_park, serial_park_square2, serial_park_square2,
          serial_park_tiny_pond, serial_park_square3
          [serial_park_minivault_5x5_5]
Temple:   eino_temple_lava
Lair:1:   layout_misc_corridors
Lair:2:   layout_hall_layers, elwin_shoals_entry_rooms, dummy_spider_entry,
          nzn_ghost_randoct, cheibrodos_lair_reptile_den
Lair:3:   layout_gridlike, gauntlet_entry_generic, hangedman_lair_unloving_vines
Gauntlet: gammafunk_gauntlet_mixed_choke_point
          [minmay_gauntlet_arena_77_radiant_squares,
          minmay_gauntlet_arena_77_hold_the_fort,
          minmay_gauntlet_arena_77_chump_sandwich,
          nicolae_gauntlet_arena_t_cross, minmay_gauntlet_arena_77_run_for_it,
          minmay_gauntlet_arena_77_shame_cube, minmay_gauntlet_arena_77_box,
          gauntlet_exit_green]

Skill      XL: |  1  2  3  4  5  6  7  8  9 10 11 12 13 |
---------------+----------------------------------------+-----
Long Blades    | 2 3 4 5 7 9 10 11 12 | 12.0
Fighting       | 5 6 8 10 11 | 11.5
Shields        | 3 5 8 |  8.0
Armour         | 4 5 7 |  7.0
Invocations    | 5 7 9 |  9.1

Action                   |  1- 3 |  4- 6 |  7- 9 | 10-12 | 13-15 || total
-------------------------+-------+-------+-------+-------+-------++-------
Melee: Long sword        |    89 |    64 |   255 |   739 |   154 ||  1301
       Bite              |    14 |    21 |    73 |   271 |    69 ||   448
       Flail             |       |       |       |     8 |    17 ||    25
Invok: Heroism           |       |       |       |    11 |     4 ||    15
       Finesse           |       |       |       |       |     1 ||     1
Evoke: Wand              |       |     7 |       |       |       ||     7
  Use: Potion            |       |     1 |       |       |       ||     1
       Scroll            |       |       |     7 |     7 |     3 ||    17
Armor: Scale mail        |    37 |    17 |       |       |       ||    54
       Ring mail         |       |     4 |    98 |   350 |    98 ||   550
Dodge: Dodged            |    43 |    29 |   121 |   340 |    99 ||   632
Block: Buckler           |    24 |    13 |    73 |   223 |    74 ||   407
